 Dungeon Crawl Stone Soup version 0.24-a0-447-ge8da9206dc (webtiles) character file.

Game seed: 505585932867866219

25 ivs the Sneak (level 3, 0/19 HPs)
             Began as a Vine Stalker Assassin on June 26, 2019.
             Succumbed to an adder's poison
             ... on level 2 of the Dungeon.
             The game lasted 00:02:50 (167 turns).

ivs the Sneak (Vine Stalker Assassin)                Turns: 167, Time: 00:02:51

Health: 0/19       AC:  7    Str: 14    XL:     3   Next: 6%
Magic:  1/4        EV: 14    Int: 11    God:
Gold:   8          SH:  0    Dex: 20    Spells: 2/2 levels left

rFire    . . .     SeeInvis .   a - +2 dagger
rCold    . . .     Gourm    .   (no shield)
rNeg     . . .     Faith    .   j - +0 scale mail
rPois    .         Spirit   +   (no helmet)
rElec    .         Reflect  .   c - +0 cloak
rCorr    .         Harm     .   (no gloves)
MR       .....                  (no boots)
Stlth    +++.......             (no amulet)
HPRegen  0.06/turn              (no ring)
MPRegen  0.09/turn              (no ring)

@: agile, lethally poisoned (0 -> -8)
A: fangs 2, magic shield, antimagic bite, no potion heal 3, rot immunity
a: no special abilities


You were on level 2 of the Dungeon.
You were not hungry.

You visited 1 branch of the dungeon, and saw 2 of its levels.

You collected 8 gold pieces.

Inventory:

Hand Weapons
 a - a +2 dagger (weapon)
Missiles
 d - 8 poisoned darts (quivered)
 e - 2 curare-tipped darts
Armour
 b - a +0 robe
 c - a +0 cloak (worn)
 j - a +0 scale mail (worn)
Jewellery
 i - a +4 ring of slaying {unknown}
Scrolls
 g - a scroll of enchant armour {unknown}
Comestibles
 f - 3 rations


   Skills:
 + Level 2.5 Fighting
 - Level 1.7 Short Blades
 + Level 2.5 Throwing
 - Level 0.7 Dodging
 - Level 4.8 Stealth


You had 2 spell levels left.
You didn't know any spells.
Your spell library was empty.

Dungeon Overview and Level Annotations

Branches:
Dungeon (2/15)

Altars:


Innate Abilities, Weirdness & Mutations

You have extremely sharp teeth.
When hurt, damage is shared between your health and your magic reserves.
Your bite disrupts and absorbs the magic of your enemies.
Potions cannot restore your health.
You are immune to rotting.


Message History

You have reached level 3!
Your experience leads to an increase in your attributes!
Increase (S)trength, (I)ntelligence, or (D)exterity?
You feel stronger.
It was a potion of agility.
You feel agile all of a sudden.
You feel sick. The rat misses you.
You hit the rat.
You kill the rat!
You closely miss the adder.
* * * LOW HITPOINT WARNING * * *
You feel sick. The adder completely misses you. The adder bites you.
* * * LOW HITPOINT WARNING * * *
You hit the adder.
The adder is lightly wounded.
The adder bites you.
* * * LOW HITPOINT WARNING * * *
You hit the adder.
The adder is moderately wounded.
You die...

## .!. #. ... ..
.r## ##. .### ..?
... ..# .S# #.#
#.# ..# . #.#
#.#####..##### .
#.#
#....@S....... .#
#.#
#.##.##..#####
..## #.#####.##.#
..#
...###.......##.#
..#
...<.†....#####.#
.S. .†.########
#.# ###. ..## #.#
.# ## #.. . ###


You could see an adder.

Vanquished Creatures
  An adder (D:2)
  A dart slug (D:1)
  3 leopard geckos
  A giant cockroach (D:1)
  A goblin (D:1)
  A ball python (D:1)
  3 bats
  A rat (D:2)
12 creatures vanquished.

Notes
Turn   | Place    | Note
-------+----------+-------------------------------------------
     0 | D:1      | ivs the Vine Stalker Assassin began the quest for the Orb.
     0 | D:1      | Reached XP level 1. HP: 11/11 MP: 2/2
    45 | D:1      | Reached XP level 2. HP: 10/15 MP: 3/3
   162 | D:2      | Reached XP level 3. HP: 7/19 MP: 1/4
   167 | D:2      | Succumbed to an adder's poison

Levels and vault maps discovered:
D:1:      minmay_arrival_diagonal_passages, layout_basic, nemelex_altar_shiori
D:2:      layout_loops_ring

Skill      XL: |  1 |
---------------+----+-----
Fighting       | 2 |  2.5
Throwing       | 2 |  2.5
Short Blades   | |  1.7
Dodging        | |  0.7
Stealth        | |  4.8

Action                   || total
-------------------------++-------
Melee: Dagger            ||    27
       Bite              ||     1
Throw: Dart              ||     5
  Use: Potion            ||     1
 Stab: Sleeping          ||     1
Armor: Robe              ||     4
       Scale mail        ||     2
Dodge: Dodged            ||     8

Table legend:
 A = Non-vault XP
 B = Vault XP
 C = Vault XP percentage of total XP
 D = Non-vault monster count
 E = Vault monster count
 F = Vault count percentage of total count
                 A         B        C        D         E       F
            +---------+---------+-------+---------+---------+-------
      Total |      37 |       0 |   0.0 |      12 |       0 |   0.0
            +---------+---------+-------+---------+---------+-------
        D:1 |      18 |       0 |   0.0 |       8 |       0 |   0.0
        D:2 |      19 |       0 |   0.0 |       4 |       0 |   0.0
            +---------+---------+-------+---------+---------+-------
